 Dungeon Crawl Stone Soup version 0.18-a0-184-g0fcaa26 (webtiles) character file.

2370 Banto the Martial Artist (level 9, -3/48 HPs)
             Began as a Vine Stalker Monk on Nov 23, 2015.
             Was a High Priest of Zin.
             Slain by a killer bee (5 damage)
             ... on level 6 of the Dungeon.
             The game lasted 00:09:06 (4835 turns).

Banto the Martial Artist (Vine Stalker Monk)        Turns: 4835, Time: 00:09:07

Health: -3/48      AC:  9    Str: 21    XL:     9   Next: 45%
Magic:  0/12       EV: 11    Int: 10    God:    Zin [*****.]
Gold:   292        SH:  0    Dex: 18    Spells: 0 memorised, 8 levels left

rFire  + . .     SeeInvis .       - Unarmed
rCold  + . .     Clarity  .     q - +0 scale mail
rNeg   . . .     SustAt   .     (no shield)
rPois  .         Gourm    .     (no helmet)
rElec  .         Spirit   +     u - +0 cloak
rCorr  .         Warding  .     m - +1 pair of gloves
rMut   .         Stasis   .     (no boots)
MR     +....                    (no amulet)
Stlth  +.........               l - ring of protection from cold
                                k - ring of protection from fire

@: mighty, lethally poisoned (-3 -> -13), flying, drained, somewhat resistant to
hostile enchantments, very unstealthy
A: fangs 3, regeneration 2, magic shield, antimagic bite, no device heal 3, rot
immunity
a: Recite, Vitalisation, Imprison, Sanctuary, Donate Gold, Renounce Religion


You were on level 6 of the Dungeon.
You worshipped Zin.
Zin was extremely pleased with you.
You were not hungry.

You visited 2 branches of the dungeon, and saw 8 of its levels.

You collected 324 gold pieces.
You donated 32 gold pieces to Zin.

Inventory:

Armour
 m - a +1 pair of gloves (worn)
 q - a +0 scale mail (worn)
 u - a +0 cloak (worn)
Jewellery
 k - a ring of protection from fire (left hand)
 l - a ring of protection from cold (right hand)
 t - an uncursed ring of protection from cold
Scrolls
 c - 2 scrolls of enchant armour
 r - a scroll of remove curse
 s - 2 scrolls of magic mapping
Potions
 e - 3 potions of brilliance
 f - a potion of cancellation
 o - a potion of haste
 p - 4 potions of curing
Comestibles
 b - 3 bread rations
 g - 2 slices of pizza
 h - 2 beef jerkies
 j - a fruit
 n - a meat ration


   Skills:
 - Level 6.0(4.8) Fighting
 + Level 4.2(3.1) Dodging
 - Level 2.4(1.3) Stealth
 - Level 10.0(8.7) Unarmed Combat
 + Level 3.8(2.6) Invocations


You had 8 spell levels left.
You didn't know any spells.

Dungeon Overview and Level Annotations

Branches:
Dungeon (7/15)             Temple (1/1) D:5

Altars:
Dithmenos
Elyvilon
Fedhas
Makhleb
Nemelex Xobeh
Okawaru
Qazlal
Zin

Annotations:
D:2 Crazy Yiuf
D:7 benitares's ghost, novice VSFi


Innate Abilities, Weirdness & Mutations

You have razor-sharp teeth.
You heal very quickly.
When hurt, damage is shared between your health and your magic reserves.
Your bite disrupts and absorbs the magic of your enemies.
Potions and wands cannot restore your health.
You are immune to rotting.


Message History

The killer bee stings you.
* * * LOW HITPOINT WARNING * * *
You are more poisoned.
The killer bee poisons you!
Unknown command.
Read which item? (? for menu, Esc to quit)
Okay, then.
Drink which item? (? for menu, Esc to quit)
Okay, then.
You're too hungry.
Eat which item? (? for menu, Esc to quit)
You feel sick. The killer bee stings you.
* * * LOW HITPOINT WARNING * * *
The killer bee stings you.
* * * LOW HITPOINT WARNING * * *
The killer bee stings you.
* * * LOW HITPOINT WARNING * * *
You are more poisoned.
The killer bee poisons you! The killer bee stings you.
You die...

### #### ### #.# #########..###
..# ### #y###............# .##
##.########@..............## ##
###...)....##yy............###
####.........................###.
.................:..........####.
...........................## #..
#...........................###..
###...........................###
##.....................#####... #
##..(.................# ####


You could see 3 killer bees.

Vanquished Creatures
  The ghost of DarthRa the Schismatic, a novice DsAK of Lugonu (D:6)
  Prince Ribbit (D:5)
  Sigmund (D:2)
  Duvessa (D:4)
  2 ogres
  An orc warrior (D:6)
  A sky beast (D:6)
  A centaur (D:5)
  A giant frog (D:6)
  Dowan (D:4)
  A scorpion (D:5)
  2 centaur zombies
  A quasit (D:5)
  A crimson imp (D:5)
  3 hounds (D:5)
  A giant frog zombie (D:5)
  7 orc wizards
  2 iguanas (D:5)
  4 orc priests
  5 worker ants
  7 adders
  2 oozes (D:5)
  An adder zombie (D:5)
  A worm (D:2)
  3 giant geckos
  30 orcs
  A ball python (D:5)
  6 goblins
  11 hobgoblins
  6 jackals
  5 kobolds
  4 bats
  5 giant cockroaches
  2 giant gecko skeletons
  5 giant newts
  2 jackal skeletons
  2 quokka skeletons
  A quokka zombie (D:5)
  4 rats
136 creatures vanquished.

Notes
Turn   | Place    | Note
--------------------------------------------------------------
     0 | D:1      | Banto the Vine Stalker Monk began the quest for the Orb.
     0 | D:1      | Reached XP level 1. HP: 11/11 MP: 2/2
    93 | D:1      | Reached XP level 2. HP: 16/16 MP: 3/3
   307 | D:1      | Reached XP level 3. HP: 20/20 MP: 4/4
   624 | D:2      | Found a white marble altar of Elyvilon.
   760 | D:2      | Noticed Crazy Yiuf
   804 | D:2      | Found a stormy altar of Qazlal.
   855 | D:2      | Noticed Sigmund
   871 | D:2      | Killed Sigmund
   871 | D:2      | Reached skill level 6 in Unarmed Combat
   871 | D:2      | Reached XP level 4. HP: 23/25 MP: 5/5
   871 | D:2      | Reached XP level 5. HP: 26/29 MP: 6/6
   918 | D:2      | Found a shadowy altar of Dithmenos.
   975 | D:2      | Found a sparkling altar of Nemelex Xobeh.
  1743 | D:3      | Gained mutation: You heal very quickly. [Vine Stalker growth]
  1743 | D:3      | Reached XP level 6. HP: 29/33 MP: 5/7
  1757 | D:3      | Found a burning altar of Makhleb.
  1805 | D:3      | Found a glowing silver altar of Zin.
  1806 | D:3      | Noticed a green death
  1806 | D:3      | Noticed an angel
  1811 | D:3      | Became a worshipper of Zin the Law-Giver
  1811 | D:3      | Reached * piety under Zin
  1811 | D:3      | Reached ** piety under Zin
  1879 | D:3      | Found a faded altar to an unknown god.
  2050 | D:3      | Reached *** piety under Zin
  2182 | D:4      | Noticed Duvessa
  2183 | D:4      | Noticed Dowan
  2205 | D:4      | Killed Duvessa
  2212 | D:4      | Killed Dowan
  2212 | D:4      | Reached skill level 7 in Unarmed Combat
  2239 | D:4      | Reached XP level 7. HP: 25/38 MP: 8/8
  2466 | D:4      | Reached **** piety under Zin
  2527 | D:4      | Found a blossoming altar of Fedhas.
  2730 | D:5      | Entered Level 5 of the Dungeon
  3093 | D:5      | Reached skill level 5 in Fighting
  3187 | D:5      | Reached skill level 8 in Unarmed Combat
  3338 | D:5      | Gained mutation: You have razor-sharp teeth. [Vine Stalker growth]
  3338 | D:5      | Reached XP level 8. HP: 41/43 MP: 7/9
  3376 | D:5      | Found a staircase to the Ecumenical Temple.
  3405 | Temple   | Entered the Ecumenical Temple
  3443 | D:5      | Reached skill level 9 in Unarmed Combat
  3571 | D:5      | Noticed Prince Ribbit
  3584 | D:5      | Killed Prince Ribbit
  4047 | D:6      | Reached skill level 1 in Invocations
  4073 | D:6      | Found an iron altar of Okawaru.
  4106 | D:6      | Reached XP level 9. HP: 15/48 MP: 5/10
  4181 | D:6      | Reached skill level 10 in Unarmed Combat
  4341 | D:6      | Noticed DarthRa's ghost (novice DsAK)
  4476 | D:6      | Killed DarthRa's ghost
  4605 | D:6      | Reached ***** piety under Zin
  4824 | D:7      | Noticed benitares's ghost (novice VSFi)
  4835 | D:6      | HP: 2/48 [killer bee (3)]
  4835 | D:6      | Slain by a killer bee

Vault maps used:
D:1:      scummos_arrival_simple_crosswalls
D:2:      grunt_dithmenos_smoke_and_mirrors, nicolae_overflow_hidden_temple,
          nemelex_xobeh_ov_fountains_minmay, lemuel_round_altar,
          minmay_misc_feat_hallway, uniq_crazy_yiuf_cottage, uniq_sigmund
D:3:      grunt_temple_overflow_order_and_chaos_2, ecumenical_altar_2
D:4:      lemuel_doored_altar, serial_glass, glass_columns_c, glass_columns_c,
          glass_columns_c, glass_columns_c, minmay_strange_pillars,
          due_unseen_surprise, first_bread, uniq_duvessa
D:5:      uniq_prince_ribbit1
D:6:      okawaru_ov_weapons_minmay
D:7:      serial_shops, nicolae_shop_trees, grunt_ogre_cave,
          minmay_misc_feat_enclosed, feat_on_display
Temple:   temple_island_7

Action                   |  1- 3 |  4- 6 |  7- 9 || total
-------------------------+-------+-------+-------++-------
Melee: Unarmed           |    86 |    95 |   316 ||   497
Invok: Recite            |       |       |     5 ||     5
  Use: Scroll            |       |     9 |     5 ||    14
       Potion            |       |       |     5 ||     5
 Stab: Sleeping          |     4 |     4 |       ||     8
       Invisible         |       |       |     3 ||     3
       Paralysed         |       |       |     1 ||     1
  Eat: Chunk             |       |     3 |     7 ||    10
       Bread ration      |       |       |     1 ||     1
       Fruit             |       |       |     1 ||     1
